 Dungeon Crawl Stone Soup version 0.18.1-6-gd335043 (webtiles) character file.

109 mopl the Chopper (level 4, -1/58 HPs)
             Began as a Hill Orc Fighter on May 19, 2016.
             Succumbed to Sigmund's poison
             ... on level 3 of the Dungeon.
             The game lasted 00:03:19 (1609 turns).

mopl the Chopper (Hill Orc Fighter)                 Turns: 1609, Time: 00:03:21

Health: -1/58      AC: 22    Str: 23    XL:     4   Next: 90%
Magic:  4/4        EV:  4    Int:  8    God:
Gold:   98         SH:  0    Dex: 11    Spells: 0 memorised, 3 levels left

rFire  . . .     SeeInvis .     a - +0 war axe
rCold  . . .     Gourm    .     (armour currently unavailable)
rNeg   + + +     Faith    .     c - +0 shield
rPois  +         Spirit   .     (helmet currently unavailable)
rElec  .         Dismiss  .     (cloak currently unavailable)
rCorr  .         Reflect  .     (gloves currently unavailable)
SustAt +         Harm     .     (boots currently unavailable)
MR     .....     NoTele   +     (no amulet)
Stlth  +.........               (no ring)
                                u - ring of sustain attributes

@: confused, mighty, lethally poisoned (-1 -> -16), tree-form, slowed, very
slow, not resistant to hostile enchantments, very unstealthy
A: (hooves 0), repulsion field 1
a: no special abilities


You were on level 3 of the Dungeon.
You were hungry.
You were a tree.
You visited 1 branch of the dungeon, and saw 3 of its levels.

You collected 98 gold pieces.

Inventory:

Hand Weapons
 a - a +0 war axe (weapon)
Armour
 b - a +0 scale mail (melded)
 c - a +0 shield (worn)
 g - a +0 cloak (melded)
 h - a +0 pair of gloves (melded)
 r - a +0 pair of boots (melded)
Jewellery
 u - a ring of sustain attributes (left branch)
Wands
 t - a wand of digging (8/24)
Scrolls
 e - a scroll of random uselessness {unknown}
 j - 3 scrolls of identify {unknown}
 k - a scroll of noise {unknown}
 m - a scroll of amnesia {unknown}
 n - a scroll of fog {unknown}
 o - a scroll of recharging {unknown}
 v - 3 scrolls of remove curse {unknown}
 x - a scroll of fear {unknown}
Potions
 w - a potion of brilliance {unknown}
Comestibles
 f - 4 bread rations
 q - a beef jerky
 s - 4 chunks of flesh


   Skills:
 - Level 3.6 Fighting
 * Level 6.5 Axes
 - Level 3.2 Armour
 - Level 3.2 Shields


You had 3 spell levels left.
You didn't know any spells.

Dungeon Overview and Level Annotations

Branches:
Dungeon (3/15)

Altars:
Gozag
Okawaru
Pakellas
Ru
Trog

Shops:
D:2 *

Annotations:
D:3 Sigmund


Innate Abilities, Weirdness & Mutations

((You have large cloven feet.))
You are surrounded by a mild repulsion field (EV +2).


Message History

You fly up into the air.
* * * LOW HITPOINT WARNING * * *
You feel very sick. The adder bites you but does no damage.
Sigmund barely misses you. The adder bites you but does no damage.
Drink which item? (? for menu, Esc to quit)
It was a potion of mutation.
You feel extremely strange.
Your feet thicken and deform.
You begin to radiate repulsive energy.
* * * LOW HITPOINT WARNING * * *
You feel sick. The adder barely misses you.
Sigmund zaps a wand.
You feel as though you will be slow longer.
The adder bites you but does no damage.
Drink which item? (? for menu, Esc to quit)
It was a potion of lignification.
You turn into a tree.
Your +0 cloak melds into your body.
Your +0 pair of gloves melds into your body.
Your +0 pair of boots melds into your body.
Your +0 scale mail melds into your body.
Your roots penetrate the ground.
You die...

## #. .... #... #.
...### ... .....
.. ..#.###.#
#.#.@...#
#####.##♣.#
####........S#
###...(####......#
##...#### ###..#.#
###..### ##.#.#
....## .... .####
#.... ## .....
>...


You could see Sigmund and an adder.

Vanquished Creatures
  4 adders (D:2)
  3 oozes
  A dart slug (D:2)
  3 giant geckos
  An orc (D:2)
  A giant cockroach (D:2)
  7 goblins
  6 hobgoblins
  3 jackals (D:1)
  2 quokkas
  4 bats (D:3)
  14 kobolds
  5 rats
54 creatures vanquished.

Vanquished Creatures (others)
  A plant (D:1)
1 creature vanquished.

Grand Total: 55 creatures vanquished

Notes
Turn   | Place    | Note
--------------------------------------------------------------
     0 | D:1      | mopl the Hill Orc Fighter began the quest for the Orb.
     0 | D:1      | Reached XP level 1. HP: 19/19 MP: 1/1
    22 | D:1      | Reached skill level 3 in Axes
   265 | D:1      | Reached XP level 2. HP: 26/26 MP: 2/2
   418 | D:1      | Reached skill level 4 in Axes
   745 | D:1      | Reached XP level 3. HP: 31/31 MP: 3/3
   834 | D:2      | Found an oddly glowing altar of Pakellas.
   875 | D:2      | Found a sacrificial altar of Ru.
   884 | D:2      | Reached skill level 5 in Axes
   897 | D:2      | Found an opulent altar of Gozag.
   970 | D:2      | Found Gozag's Platinum Reserve.
  1081 | D:2      | Reached XP level 4. HP: 35/39 MP: 4/4
  1151 | D:2      | Reached skill level 6 in Axes
  1152 | D:2      | Found an iron altar of Okawaru.
  1318 | D:3      | Noticed Sigmund
  1510 | D:3      | Found a bloodstained altar of Trog.
  1608 | D:3      | Gained mutation: You have large cloven feet. [potion of mutation]
  1608 | D:3      | Gained mutation: You are surrounded by a mild repulsion field (EV +2). [potion of mutation]
  1608 | D:3      | HP: 1/39 [poisoned by Sigmund]
  1609 | D:3      | Succumbed to Sigmund's poison

Skill      XL: |  1  2  3  4 |
---------------+-------------+-----
Axes           | 3 4 5 6 |  6.5
Fighting       | |  3.6
Armour         | |  3.2
Shields        | |  3.2

Action                   |  1- 3 |  4- 6 || total
-------------------------+-------+-------++-------
Melee: War axe           |   108 |    68 ||   176
  Use: Potion            |       |     4 ||     4
  Eat: Chunk             |     1 |     1 ||     2
Armor: Scale mail        |    54 |    47 ||   101
Dodge: Dodged            |    32 |    39 ||    71
Block: Shield            |    65 |    38 ||   103
